 Dungeon Crawl Stone Soup version 0.22.1-1-ga44c0e5 (webtiles) character file.

81 Lauz the Firebug (level 4, -5/24 HPs)
             Began as a Deep Elf Fire Elementalist on Nov 1, 2018.
             Killed from afar by Natasha (6 damage)
             ... with a magic dart
             ... on level 3 of the Dungeon.
             The game lasted 00:07:59 (1805 turns).

Lauz the Firebug (Deep Elf Fire Elementalist)       Turns: 1805, Time: 00:07:59

Health: -5/24      AC:  2    Str:  5    XL:     4   Next: 19%
Magic:  12/12      EV: 13    Int: 21    God:
Gold:   76         SH:  0    Dex: 15    Spells: 7/11 levels left

rFire    . . .     SeeInvis .   e - +1 dagger (venom)
rCold    . . .     Gourm    .   (no shield)
rNeg     . . .     Faith    .   a - +0 robe
rPois    .         Spirit   .   (no helmet)
rElec    .         Reflect  .   (no cloak)
rCorr    +         Harm     .   (no gloves)
MR       .....                  (no boots)
Stlth    ++........             (no amulet)
HPRegen  0.08/turn              l - ring of resist corrosion
MPRegen  0.13/turn              (no ring)

@: no status effects
A: no striking features
a: no special abilities


You were on level 3 of the Dungeon.
You were hungry.

You visited 1 branch of the dungeon, and saw 3 of its levels.

You collected 76 gold pieces.

Inventory:

Hand Weapons
 e - a +1 dagger of venom (weapon)
Armour
 a - a +0 robe (worn)
 k - a +0 pair of gloves
Jewellery
 l - a ring of resist corrosion (left hand)
Scrolls
 b - a scroll of blinking {unknown}
 g - 3 scrolls of identify {unknown}
 j - a scroll of remove curse {unknown}
 m - 2 scrolls of amnesia {unknown}
Potions
 d - a potion of heal wounds {unknown}
 f - 2 potions of curing {unknown}
 h - 3 potions of brilliance {unknown}
 i - a potion of berserk rage {unknown}
 n - a potion of lignification {unknown}
Comestibles
 c - 7 rations


   Skills:
 + Level 2.9 Dodging
 - Level 2.4 Stealth
 + Level 4.2 Spellcasting
 * Level 2.2 Conjurations
 + Level 4.2 Fire Magic


You had 7 spell levels left.
You knew the following spells:

 Your Spells              Type           Power        Failure   Level  Hunger
a - Flame Tongue          Conj/Fire      ###..        3%          1    None
b - Conjure Flame         Conj/Fire      ###.....     10%         3    ###....

Your spell library contained the following spells:

 Spells                   Type           Power        Failure   Level  Hunger
 Throw Flame              Conj/Fire      ###...       4%          2    #......
 Inner Flame              Hex/Fire       ##......     14%         3    ###....
 Sticky Flame             Conj/Fire      ###.....     30%         4    ####...
 Fireball                 Conj/Fire      ###.......   65%         5    ######.


Dungeon Overview and Level Annotations

Branches:
Dungeon (3/15)

Altars:

Annotations:
D:3 Natasha


Message History

You can't see any susceptible monsters within range! (Use Z to cast anyway.) Natasha stares at you and mumbles some strange words.
The magic dart hits you!
Ouch! That really hurt!
* * * LOW HITPOINT WARNING * * *
Items here: )) [ †† a dagger; a ring mail; a short sword; an orc corpse x2
You are feeling hungry.
Items here: )) [ † a falchion; a leather armour; a hand axe; an orc corpse Natasha growls.
There is a stone staircase leading down here.
Casting: Flame Tongue (safe; 3% risk of failure)
Confirm with . or Enter, or press ? or * to list all spells.
Okay, then.
Natasha claws you.
* * * LOW HITPOINT WARNING * * *
Natasha stares at you and mumbles some strange words.
The magic dart hits you!
You die...

#.##### #.....#
###############.##
...............h>#
#.....).).###.##
#.........#
#@########
..........).#
#.##.....#
..#.........#
#.##.###.#
...........##
#.##.#.#.#
#.########.#
#.##.#...# # #.#
#.##.#.###
..#.....# #....#.#
....#...# ######.#
........# #.#


You could see Natasha.

Vanquished Creatures
  2 adders (D:2)
  A worm (D:2)
  A dart slug (D:2)
  2 leopard geckos (D:2)
  4 orcs (D:3)
  A ball python (D:2)
  6 bats
  4 giant cockroaches (D:2)
  3 goblins
  8 hobgoblins
  A quokka (D:2)
  10 frilled lizards
  4 kobolds
  4 rats (D:1)
51 creatures vanquished.

Notes
Turn   | Place    | Note
-------+----------+-------------------------------------------
     0 | D:1      | Lauz the Deep Elf Fire Elementalist began the quest for the
                  | Orb.
     0 | D:1      | Reached XP level 1. HP: 10/10 MP: 6/6
   230 | D:1      | Reached XP level 2. HP: 14/15 MP: 4/8
   818 | D:2      | Reached XP level 3. HP: 17/19 MP: 5/10
  1462 | D:2      | Learned a level 3 spell: Conjure Flame
  1512 | D:2      | Reached XP level 4. HP: 24/24 MP: 8/12
  1791 | D:3      | Noticed Natasha
  1804 | D:3      | HP: 1/24 [Natasha (4)]
  1805 | D:3      | Killed from afar by Natasha

Skill      XL: |  1  2  3 |
---------------+----------+-----
Fire Magic     | 4 |  4.2
Conjurations   | 2 |  2.2
Spellcasting   | 4 |  4.2
Dodging        | |  2.9
Stealth        | |  2.4

Action                   |  1- 3 |  4- 6 || total
-------------------------+-------+-------++-------
Melee: Unarmed           |     3 |       ||     3
       Dagger            |     1 |       ||     1
 Cast: Flame Tongue      |    86 |    13 ||    99
  Eat: Chunk             |     2 |       ||     2
Armor: Robe              |    14 |       ||    14
Dodge: Dodged            |    39 |       ||    39
